Map: Terraform LE (Void)

Players

Javert - Winner!

  • Race: Zerg Zerg
  • League: Gold

Poly

  • Race: Protoss Protoss
  • League: Silver

VOD

Have the link to the VOD?

Description

Time

  • Played on: Sept. 14, 2015, 2 a.m.
  • Length: 15:52
Show
View Real Time Build Order
Export as new Build Order

Javert Zerg - Winner!

Build Orders: Hatch First, Lurkers 

Get SALT Encoding   

  12  0:01  Drone  
  13  0:14  Overlord  
  14  0:21  Drone  
  14  0:34  Drone  
  14  0:35  Drone  
  16  0:39  Drone  
  17  1:01  Hatchery  
  17  1:02  Extractor  
  15  1:05  Drone x2  
  17  1:15  Drone  
  18  1:25  Spawning Pool  
  17  1:28  Drone  
  18  1:33  Drone  
  19  1:42  Drone  
  20  1:55  Drone  
  21  2:06  Drone  
  22  2:14  Metabolic Boost  
  22  2:16  Queen x2  
  22  2:17  Overlord  
  26  2:25  Overlord  
  26  2:31  Drone x2  
  27  2:47  Drone x3  
  27  2:48  Drone  
  31  2:58  Queen  
  33  2:59  Queen  
  35  3:08  Roach Warren  
  34  3:14  Drone x3  
  37  3:27  Overlord  
  37  3:30  Zergling x10  
  42  3:35  Burrow  
  42  3:48  Zergling x10  
  47  3:57  Zergling x10  
  52  4:14  Overlord x2  
  52  4:17  Extractor  
  52  4:18  Extractor  
  52  4:21  Overlord  
  52  4:24  Overlord  
  50  4:35  Roach  
  50  4:36  Roach x2  
  56  4:43  Hatchery  
  55  4:58  Overlord x2  
  49  5:06  Roach x7  
  52  5:24  Roach x2  
  54  5:29  Spine Crawler  
  54  5:31  Spine Crawler, Zergling x2  
  54  5:32  Zergling x8  
  50  6:07  Roach x4  
  50  6:10  Overlord x2  
  50  6:11  Drone x5  
  61  6:20  Drone  
  62  6:26  Drone x3  
  62  6:27  Drone  
  66  6:39  Drone x5  
  71  6:44  Drone x3  
  74  6:55  Overlord  
  74  6:57  Lair  
  74  7:01  Roach  
  74  7:02  Roach x2  
  80  7:11  Evolution Chamber x2  
  78  7:19  Roach  
  78  7:20  Roach x5  
  90  7:32  Overlord  
  90  7:33  Drone x4  
  90  7:34  Drone x2  
  90  7:36  Extractor  
  95  7:37  Extractor  
  95  7:40  Overlord  
  95  7:44  Extractor  
  93  8:02  Ravager x4  
  97  8:06  Ravager  
  97  8:08  Zergling x22  
  97  8:12  Drone x2  
  111  8:13  Drone x4  
  115  8:26  Glial Reconstitution  
  101  8:57  Drone  
  101  8:58  Drone x16  
  118  9:05  Overlord x2  
  118  9:21  Zerg Missile Weapons Level 1, Hydralisk Den, Zerg Ground Armor Level 1  
  117  9:25  Roach x4  
  117  9:26  Roach x6  
  117  9:29  Overlord x2  
  137  9:31  Overseer  
  137  9:32  Spine Crawler  
  137  9:34  Spine Crawler  
  135  9:42  Overlord  
  135  9:45  Zergling x14  
  136  10:04  Overseer  
  136  10:06  Overlord  
  134  10:14  Hydralisk  
  134  10:15  Hydralisk x9  
  134  10:19  Overlord  
  154  10:22  Overlord  
  154  10:23  Overlord  
  147  10:35  Overlord  
  145  10:49  Hatchery, Extractor  
  143  10:53  Hydralisk, Extractor  
  143  10:54  Hydralisk x9  
  162  10:59  Ravager x2  
  162  11:03  Unknown  
  140  11:12  Lurker Den  
  105  11:36  Roach  
  105  11:37  Roach x17  
  141  11:57  Roach x2  
  141  11:58  Roach x8  
  161  12:04  Overlord  
  161  12:05  Overlord  
  161  12:08  Drone x3  
  164  12:21  Ravager x3  
  164  12:22  Ravager x3  
  170  12:26  Zergling x14  
  170  12:27  Zergling x10  
  182  12:37  Overseer  
  182  12:38  Overseer  
  182  12:48  Queen  
  184  12:52  Spore Crawler, Spine Crawler  
  184  12:54  Spine Crawler  
  181  13:08  Zerg Ground Armor Level 2, Zerg Missile Weapons Level 2  
  181  13:14  Lurker x4  
  181  13:17  Lurker  
  186  13:24  Zergling x18  
  186  13:25  Zergling x10  
  200  13:32  Overlord  
  200  13:36  Overlord  
  156  14:20  Roach x3  
  156  14:21  Roach x14  
  156  14:22  Roach x6  
  188  14:39  Zergling x2  
  188  14:40  Zergling x18  
  188  14:41  Zergling x4  
  185  14:54  Overlord x2  
  185  14:56  Roach  
  185  14:57  Roach x6  
  187  15:15  Infestation Pit  
  187  15:17  Drone x3  
Show
View Real Time Build Order
Export as new Build Order

Poly Protoss 

Build Orders:  

Get SALT Encoding   

  12  0:00  Probe (Chrono Boost)  
  13  0:16  Pylon  
  13  0:17  Probe (Chrono Boost)  
  14  0:28  Probe (Chrono Boost)  
  15  0:38  Probe (Chrono Boost)  
  16  0:46  Gateway  
  16  0:48  Probe (Chrono Boost)  
  17  0:58  Probe (Chrono Boost)  
  17  1:04  Pylon  
  18  1:05  Assimilator  
  18  1:07  Assimilator  
  18  1:08  Probe (Chrono Boost)  
  19  1:18  Probe (Chrono Boost)  
  20  1:37  Cybernetics Core  
  20  1:43  Probe (Chrono Boost)  
  21  1:49  Zealot (Chrono Boost)  
  24  1:54  Probe  
  24  2:03  Gateway  
  24  2:06  Probe  
  25  2:16  Robotics Facility, Warp Gate (Chrono Boost)  
  25  2:18  Probe (Chrono Boost)  
  26  2:30  Mothership Core (Chrono Boost)  
  26  2:35  Pylon  
  28  2:57  Gateway  
  28  2:59  Gateway  
  28  3:02  Pylon  
  28  3:12  Immortal (Chrono Boost)  
  28  3:18  Sentry  
  34  3:42  Gateway  
  34  3:50  Immortal (Chrono Boost)  
  38  4:14  Pylon  
  38  4:16  Pylon  
  38  4:22  Sentry, Adept x2  
  43  4:24  Adept  
  45  4:44  Adept x2  
  49  4:46  Adept  
  49  4:49  Pylon  
  45  5:12  Zealot  
  45  5:13  Adept x3  
  45  5:22  Adept  
  47  5:30  Pylon  
  47  5:35  Sentry, Pylon  
  45  5:50  Adept x2  
  48  6:09  Mothership Core  
  48  6:11  Adept x2  
  52  6:17  Adept  
  54  6:34  Immortal (Chrono Boost)  
  58  6:51  Nexus  
  58  7:05  Pylon  
  58  7:08  Pylon  
  58  7:23  Probe  
  58  7:28  Pylon  
  59  7:32  Gateway  
  59  7:35  Observer (Chrono Boost)  
  60  7:43  Probe  
  61  7:44  Sentry  
  61  7:46  Stalker  
  65  7:55  Stalker, Probe (Chrono Boost)  
  68  8:04  Probe (Chrono Boost)  
  69  8:07  Probe (Chrono Boost)  
  70  8:14  Probe (Chrono Boost)  
  70  8:17  Probe (Chrono Boost)  
  72  8:25  Probe (Chrono Boost)  
  73  8:31  Probe (Chrono Boost)  
  74  8:35  Probe (Chrono Boost)  
  74  8:38  Assimilator  
  74  8:39  Assimilator  
  75  8:41  Probe (Chrono Boost)  
  75  8:42  Gateway  
  72  9:01  Probe x2 (Chrono Boost)  
  74  9:08  Immortal  
  78  9:17  Robotics Bay  
  78  9:20  Forge  
  78  9:23  Sentry  
  80  9:24  Adept  
  80  9:25  Adept  
  80  9:27  Sentry  
  80  9:30  Probe x2 (Chrono Boost)  
  88  9:40  Probe (Chrono Boost)  
  84  10:03  Sentry  
  84  10:05  Protoss Ground Weapons Level 1 (Chrono Boost)  
  86  10:09  Disruptor (Chrono Boost)  
  86  10:12  Probe  
  86  10:14  Probe  
  91  10:15  Stalker  
  91  10:21  Pylon  
  93  10:22  Pylon  
  93  10:25  Pylon  
  84  10:35  Probe  
  84  10:36  Pylon  
  84  10:39  Stalker  
  84  10:40  Stalker x2  
  90  10:53  Probe  
  90  10:56  Stalker  
  93  10:57  Adept  
  93  10:59  Stalker x2  
  85  11:21  Stalker x3  
  82  11:26  Stalker  
  82  11:27  Adept  
  86  11:40  Warp Prism (Chrono Boost)  
  88  11:58  Twilight Council  
  88  12:15  Observer (Chrono Boost)  
  88  12:16  Pylon  
  88  12:20  Assimilator  
  89  12:23  Assimilator  
  89  12:27  Pylon  
  89  12:36  Protoss Ground Weapons Level 2 (Chrono Boost)  
  89  12:40  Disruptor (Chrono Boost)  
  92  12:46  Templar Archives  
  91  13:01  Sentry  
  91  13:19  Dark Shrine  
  91  13:20  Gateway  
  91  13:24  Gateway  
  91  13:25  Disruptor  
  94  13:28  High Templar x2  
  94  13:29  High Templar x4  
  94  13:32  Archon x3  
  106  13:37  Zealot  
  106  13:40  Pylon  
  108  13:42  Nexus  
  108  13:52  Photon Cannon  
  50  14:28  Observer  
  23  14:40  Dark Templar x3  
  22  14:47  Dark Templar  
  11  15:06  Zealot x3  
  11  15:07  Zealot  
Tags
 
Add a new tag
Caveats
  • Supply blocks, unpowered buildings, or Contaminate may cause inaccurate times.
  • Supply counts are checked every 10 seconds.